 Dungeon Crawl Stone Soup version 0.21.0-25-ge575cb9 (webtiles) character file.

1756 MagicOnly the Magician (level 8, 0/40 HPs)
             Began as a Spriggan Venom Mage on Jan 19, 2018.
             Was a Believer of Yredelemnul.
             Slain by a two-headed ogre
             ... wielding a +0 giant club
              (17 damage)
             ... while paralysed
             ... on level 8 of the Dungeon on Jan 22, 2018.
             The game lasted 00:47:02 (9972 turns).

MagicOnly the Magician (Spriggan Venom Mage)        Turns: 9972, Time: 00:47:03

Health: 0/40       AC:  4    Str:  7    XL:     8   Next: 78%
Magic:  20/20      EV:  4    Int: 19    God:    Yredelemnul [**....]
Gold:   112        SH:  0    Dex: 16    Spells: 16/22 levels left

rFire    . . .     SeeInvis +   n - +1 dagger (distort)
rCold    . . .     Gourm    .   (shield restricted)
rNeg     . . .     Faith    .   a - +0 robe
rPois    .         Spirit   .   (helmet restricted)
rElec    .         Reflect  +   (no cloak)
rCorr    .         Harm     .   (gloves unavailable)
MR       +....                  (boots unavailable)
Stlth    +++.......             u - +3 amulet of reflection
HPRegen  0.13/turn              k - +3 ring of strength
MPRegen  0.17/turn              (no ring)

@: paralysed, fainting, very quick
A: very small, unfitting armour, icy blue scales 1, see invisible, herbivore,
speed 3, robust 1, slow metabolism 2, wild magic 1
a: Animate Remains, Recall Undead Slaves, Injury Mirror, Renounce Religion


You were on level 8 of the Dungeon.
You worshipped Yredelemnul.
Yredelemnul was pleased with you.
You were fainting.

You visited 2 branches of the dungeon, and saw 9 of its levels.

You collected 552 gold pieces.
You spent 440 gold pieces at shops.

Inventory:

Hand Weapons
 n - a +1 dagger of distortion (weapon)
 t - the +4 Vampire's Tooth {vamp}
   (You found it on level 5 of the Dungeon)

   It inflicts no extra harm, but heals its wielder when it wounds a living foe.
Armour
 a - a +0 robe (worn)
Jewellery
 k - a +3 ring of strength (left hand)
 u - a +3 amulet of reflection (around neck)
 v - the ring of Moodiness {rCorr Int+3, unknown}
   (You found it on level 6 of the Dungeon)

   [ring of resist corrosion]

   It affects your intelligence (+3).
 w - a +2 ring of intelligence {unknown}
 x - an uncursed amulet of guardian spirit {unknown}
Wands
 p - a wand of paralysis (20)
 y - a wand of disintegration (15)
Scrolls
 f - 2 scrolls of remove curse
 h - 4 scrolls of teleportation
 j - 2 scrolls of fear
 l - a scroll of magic mapping
 m - 2 scrolls of identify
 q - 5 scrolls of amnesia
Potions
 d - 2 potions of resistance
 e - 3 potions of brilliance
 g - 3 potions of agility
 i - a potion of berserk rage
 o - a potion of curing
 r - a potion of heal wounds
Books
 b - a Young Poisoner's Handbook

   Spells                             Type                      Level
   a - Sting                          Conjuration/Poison           1
   b - Poisonous Vapours              Poison/Air                   2
   c - Mephitic Cloud                 Conjuration/Poison/Air       3
   d - Olgreb's Toxic Radiance        Poison                       4
   e - Venom Bolt                     Conjuration/Poison           5
 c - a book of Callings

   Spells                             Type                      Level
   a - Summon Small Mammal            Summoning                    1
   b - Call Imp                       Summoning                    2
   c - Call Canine Familiar           Summoning                    3
   d - Summon Guardian Golem          Hexes/Summoning              3
   e - Summon Lightning Spire         Summoning/Air                4
   f - Summon Ice Beast               Ice/Summoning                4
Miscellaneous
 s - a lamp of fire


   Skills:
 + Level 1.4 Fighting
 + Level 2.7 Short Blades
 + Level 5.4 Dodging
 + Level 4.6 Stealth
 + Level 7.6 Spellcasting
 + Level 3.0 Conjurations
 + Level 6.5 Poison Magic
 + Level 3.2 Invocations
 + Level 0.1 Evocations


You had 16 spell levels left.
You knew the following spells:

 Your Spells              Type           Power        Failure   Level  Hunger
a - Sting                 Conj/Pois      ####         2%          1    None
b - Olgreb's Toxic Radia  Pois           #####...     10%         4    ###....
c - Summon Small Mammal   Summ           #...         14%         1    None


Dungeon Overview and Level Annotations

Branches:
Dungeon (8/15)             Temple (1/1) D:7
   Lair: D:8-11

Altars:
Ashenzari
Cheibriados
Elyvilon
Gozag
Hepliaklqana
Makhleb
Nemelex Xobeh
Okawaru
Qazlal
Ru
Sif Muna
Trog
Uskayaw
Vehumet
Xom
Yredelemnul
The Shining One

Shops:
D:5 }

Annotations:
D:8 Erica


Innate Abilities, Weirdness & Mutations

You are very small and have problems with some larger weapons.
You are too small for most types of armour.
You have supernaturally acute eyesight. (SInv)
You are a herbivore.
You cover ground extremely quickly.
You need consume almost no food.
You are partially covered in icy blue scales. (AC +2)
You are robust. (+10% HP)
Your spells are a little harder to cast, but a little more powerful.


Message History

You hit the adder but do no damage.
The adder looks slightly unstable.
The adder completely misses you.
You hit the adder.
Space bends around the adder.
The adder is moderately wounded.
The adder bites you but does no damage.
You hit the adder but do no damage.
Space bends around the adder.
The adder is heavily wounded.
The adder completely misses you.
You miss the adder.
The adder is heavily wounded.
The adder disappears!
You now have 112 gold pieces (gained 9).
A two-headed ogre comes into view. It is wielding two giant clubs.
The two-headed ogre shouts in stereo!
You lose consciousness!
The two-headed ogre hits you with a giant club!!
Ouch! That really hurt!
The two-headed ogre hits you with a giant club!
You die...
Your body rises from the dead as a mindless zombie.

#####.###
###.###
#.# #.#
#.# #.#
.+# #.## .
#..# .
####.#
##.##.#
####...#.#
+..@O....#
####...#S#
##.##.#
####.# #.#
#.# #.#
#.#
#######O#


You could see a two-headed ogre and an adder.

Vanquished Creatures
  A black bear (D:6)
  An ogre (D:4)
  A phantom (D:5)
  2 sky beasts (D:7)
  A centaur (D:7)
  A vampire bat (D:5)
  2 howler monkeys
  2 electric eels (D:6)
  A bullfrog zombie (D:5)
  A hound (D:7)
  A gnoll shaman (D:5)
  A centaur skeleton (D:8)
  An orc wizard (D:5)
  3 worker ants
  13 gnolls
  6 adders
  3 adder skeletons
  2 worms (D:3)
  4 dart slugs
  2 leopard geckos
  18 orcs
  3 giant cockroaches
  2 gnoll zombies (D:5)
  5 goblins
  4 hobgoblins
  2 jackals
  5 kobolds
  5 quokkas
  14 bats
  5 frilled lizards
  2 jackal skeletons
  A leopard gecko zombie (D:6)
  6 rats
121 creatures vanquished.

Vanquished Creatures (collateral kills)
  An ice beast (D:5)
  2 sky beasts
  2 ogres
  A howler monkey (D:5)
  A vampire bat (D:5)
  A crimson imp (D:5)
  3 worker ants (D:5)
  5 gnolls (D:5)
  2 orcs (D:7)
  2 bats (D:5)
  2 jackals (D:4)
  A leopard gecko skeleton (D:6)
23 creatures vanquished.

Vanquished Creatures (others)
  An ogre (D:7)
  A bullfrog (D:7)
  A crimson imp (D:6)
  A sky beast zombie (D:7)
  A hound skeleton (D:6)
  3 worker ant zombies (D:5)
  An adder zombie (D:5)
  A leopard gecko (D:6)
  2 orcs
  A frilled lizard zombie (D:5)
  A gnoll skeleton (D:5)
  4 gnoll zombies
  A jackal zombie (D:5)
  3 orc zombies
  3 quokka zombies (D:5)
25 creatures vanquished.

Grand Total: 169 creatures vanquished

Notes
Turn   | Place    | Note
-------+----------+-------------------------------------------
     0 | D:1      | MagicOnly the Spriggan Venom Mage began the quest for the Orb.
     0 | D:1      | Reached XP level 1. HP: 9/9 MP: 5/5
   370 | D:1      | Reached XP level 2. HP: 13/13 MP: 2/6
   942 | D:1      | Reached skill level 3 in Spellcasting
   942 | D:1      | Reached skill level 1 in Conjurations
  1067 | D:2      | Reached XP level 3. HP: 16/16 MP: 5/8
  1551 | D:2      | Reached XP level 4. HP: 16/21 MP: 0/9
  1774 | D:2      | Found a basalt altar of Yredelemnul.
  1804 | D:2      | Became a worshipper of Yredelemnul the Dark
  1946 | D:2      | Found a radiant altar of Vehumet.
  2303 | D:3      | Noticed a moth of wrath
  2306 | D:3      | Found a bloodstained altar of Trog.
  2316 | D:3      | Learned a level 4 spell: Olgreb's Toxic Radiance
  2547 | D:3      | Found an iron altar of Okawaru.
  3571 | D:4      | Found a stormy altar of Qazlal.
  3664 | D:4      | Reached skill level 4 in Spellcasting
  3664 | D:4      | Reached XP level 5. HP: 24/24 MP: 5/12
  3912 | D:4      | Found an opulent altar of Gozag.
  4108 | D:4      | Noticed an ogre
  4116 | D:4      | Killed an ogre
  4116 | D:4      | Reached * piety under Yredelemnul
  4175 | D:4      | Reached XP level 6. HP: 28/28 MP: 3/13
  4598 | D:5      | Entered Level 5 of the Dungeon
  4820 | D:5      | Gained mutation: Your spells are a little harder to cast, but a little more powerful. [potion of mutation]
  4820 | D:5      | Gained mutation: You are partially covered in icy blue scales. (AC +2) [potion of mutation]
  4820 | D:5      | Gained mutation: You are robust. (+10% HP) [potion of mutation]
  5423 | D:5      | Upgraded the game from 0.21.0-24-g2553a33 to 0.21.0-25-ge575cb9
  5622 | D:5      | Reached skill level 5 in Spellcasting
  5677 | D:5      | Reached skill level 1 in Short Blades
  6030 | D:5      | Reached skill level 5 in Poison Magic
  6058 | D:5      | Found an iron altar of Okawaru.
  6166 | D:5      | Found Lotreime's Gadget Shoppe.
  6180 | D:5      | Noticed a sky beast
  6180 | D:5      | Noticed an ice beast
  6211 | D:5      | Killed an ice beast
  6211 | D:5      | Reached XP level 7. HP: 35/35 MP: 11/15
  6237 | D:5      | Bought a lamp of fire for 440 gold pieces
  6456 | D:5      | Reached ** piety under Yredelemnul
  6516 | D:5      | Found the +4 Vampire's Tooth {vamp}
  6794 | D:5      | Reached skill level 1 in Invocations
  8138 | D:6      | Reached skill level 6 in Spellcasting
  8546 | D:6      | Learned a level 1 spell: Summon Small Mammal
  8816 | D:6      | Reached XP level 8. HP: 39/40 MP: 14/18
  8939 | D:6      | Found a hazy altar of Hepliaklqana.
  9094 | D:6      | Got a vibrating ivory ring
  9158 | D:7      | Reached skill level 1 in Fighting
  9158 | D:7      | Reached skill level 5 in Dodging
  9162 | D:7      | Reached skill level 7 in Spellcasting
  9450 | D:7      | Found a staircase to the Ecumenical Temple.
  9459 | Temple   | Entered the Ecumenical Temple
  9668 | D:7      | Found a hide-covered altar of Uskayaw.
  9678 | D:7      | Paralysed by fainting for 10 turns
  9710 | D:7      | Paralysed by fainting for 12 turns
  9733 | D:7      | Paralysed by fainting for 11 turns
  9759 | D:8      | Noticed Erica
  9779 | D:7      | Paralysed by fainting for 12 turns
  9799 | D:7      | Paralysed by fainting for 9 turns
  9946 | D:8      | Noticed a two-headed ogre
  9962 | D:8      | Paralysed by fainting for 10 turns
  9972 | D:8      | Slain by a two-headed ogre

Skill      XL: |  1  2  3  4  5  6  7  8 |
---------------+-------------------------+-----
Spellcasting   | 3 4 5 6 7 |  7.6
Conjurations   | 1 2 3 |  3.0
Poison Magic   | 4 5 6 |  6.5
Short Blades   | 2 |  2.7
Dodging        | 4 5 |  5.4
Stealth        | 4 |  4.6
Invocations    | 1 3 |  3.2
Fighting       | 1 |  1.4
Evocations     | |  0.1

Action                   |  1- 3 |  4- 6 |  7- 9 || total
-------------------------+-------+-------+-------++-------
Melee: Unarmed           |     1 |       |       ||     1
       Dagger            |       |    54 |    80 ||   134
 Cast: Sting             |    73 |   114 |    34 ||   221
       Olgreb's Toxic Ra |       |    14 |    13 ||    27
Invok: Animate Remains   |       |    12 |    17 ||    29
       Recall Undead Sla |       |       |     1 ||     1
Evoke: Lamp of fire      |       |       |     1 ||     1
  Use: Scroll            |     4 |    10 |     1 ||    15
       Potion            |       |     2 |     2 ||     4
 Stab: Sleeping          |       |       |     3 ||     3
  Eat: Ration            |       |     5 |     4 ||     9
Armor: Robe              |    13 |    11 |    14 ||    38
Dodge: Dodged            |    56 |    86 |   119 ||   261
Block: Other             |       |       |     4 ||     4
